TOP OF THE 1ST |
Grand Forks Caterpillars batting - Pitching for Highwood Hawks : LHP Pedro Tavárez
|
Pitching: LHP Pedro Tavárez
|
|
Batting: RHB Omar Schuler
|
0-0: Ball 1-0: Ground out 1-3 (Groundball, 13)
|
Batting: RHB Carlos Romero
|
0-0: Ball 1-0: Foul Ball, location: 2F 1-1: Ball 2-1: Ball 3-1: Called Strike 3-2: Base on Balls
|
Batting: RHB Salvador Esparza
|
0-0: Called Strike 0-1: SINGLE (Groundball, 6MD) Carlos Romero to second Runner from 2nd tries for 3rd, SAFE, no throw or cutoff
|
Batting: RHB Jorge Velázquez
|
0-0: Ball 1-0: Called Strike 1-1: Ball 2-1: Ball 3-1: Base on Balls Salvador Esparza to second
|
Batting: LHB Rubén Ruíz
|
0-0: Fly out, F7 (Flyball, 7LS)
|
Batting: RHB Nathan Landrum
|
0-0: Called Strike 0-1: Ball 1-1: Foul Ball, location: 2F 1-2: Strikes out swinging
|
Top of the 1st over - 0 run(s), 1 hit(s), 0 error(s), 3 left on base; Grand Forks 0 - Highwood 0 |
BOTTOM OF THE 1ST |
Highwood Hawks batting - Pitching for Grand Forks Caterpillars : RHP Frank Glass
|
Pitching: RHP Frank Glass
|
|
Batting: RHB Robert Emmet Odlum
|
0-0: Called Strike 0-1: Swinging Strike 0-2: Ball 1-2: Strikes out swinging
|
Batting: LHB Kendrick Sullivan
|
0-0: Ball 1-0: Foul Ball, location: 2F 1-1: Ball 2-1: Swinging Strike 2-2: Ball 3-2: DOUBLE (Flyball, 8LD)
|
Batting: RHB António Acosta
|
0-0: SINGLE (Line Drive, 8LS) Kendrick Sullivan to third Runner from 3rd tries for Home, SAFE, no throw or cutoff
|
Batting: LHB Scott Janousek
|
0-0: Ground out 5-3 (Groundball, 56S) António Acosta to second
|
Batting: RHB Júlio Becerra
|
0-0: Ball 1-0: Called Strike 1-1: Ball 2-1: Foul Ball, location: 2F 2-2: Foul Ball, location: 2F 2-2: Strikes out looking
|
Bottom of the 1st over - 1 run(s), 2 hit(s), 0 error(s), 1 left on base; Grand Forks 0 - Highwood 1 |
TOP OF THE 2ND |
Grand Forks Caterpillars batting - Pitching for Highwood Hawks : LHP Pedro Tavárez
|
Batting: RHB José Machado
|
0-0: Called Strike 0-1: Fly out, F7 (Line Drive, 7S)
|
Batting: RHB Pedro Torres
|
0-0: Called Strike 0-1: Foul Ball, location: 2F 0-2: Foul Ball, location: 2F 0-2: Ball 1-2: Foul Ball, location: 2F 1-2: Ball 2-2: Ball 3-2: Base on Balls
|
Batting: LHB Santiago Reyes
|
0-0: Called Strike 0-1: Foul Ball, location: 2F 0-2: Strikes out swinging
|
Batting: RHB Omar Schuler
|
0-0: Fielders Choice at 2nd, U6 (Groundball, 6M)
|
Top of the 2nd over - 0 run(s), 0 hit(s), 0 error(s), 1 left on base; Grand Forks 0 - Highwood 1 |
BOTTOM OF THE 2ND |
Highwood Hawks batting - Pitching for Grand Forks Caterpillars : RHP Frank Glass
|
Batting: RHB Harry Freidricks
|
0-0: Called Strike 0-1: Swinging Strike 0-2: Fly out, F8 (Line Drive, 8RM)
|
Batting: RHB Rojo Nasution
|
0-0: Called Strike 0-1: Fly out, F4 (Popup, 13S)
|
Batting: RHB James Hill
|
0-0: Foul Ball, location: 2F 0-1: Swinging Strike 0-2: Ground out 6-3 (Groundball, 6)
|
Bottom of the 2nd over - 0 run(s), 0 hit(s), 0 error(s), 0 left on base; Grand Forks 0 - Highwood 1 |
TOP OF THE 3RD |
Grand Forks Caterpillars batting - Pitching for Highwood Hawks : LHP Pedro Tavárez
|
Batting: RHB Carlos Romero
|
0-0: Ball 1-0: Ground out 5-3 (Groundball, 56)
|
Batting: RHB Salvador Esparza
|
0-0: Ball 1-0: SINGLE (Line Drive, 56D)
|
Batting: RHB Jorge Velázquez
|
0-0: Ball 1-0: Ball 2-0: Fly out, F3 (Popup, 3F)
|
Batting: LHB Rubén Ruíz
|
Pickoff Throw to First - Error! E1 Salvador Esparza to second 0-0: Ball 1-0: Ball 2-0: Swinging Strike 2-1: Ball 3-1: SINGLE (Line Drive, 6D) Salvador Esparza to third
|
Batting: RHB Nathan Landrum
|
0-0: Ball 1-0: Fly out, F7 (Popup, 6D)
|
Top of the 3rd over - 0 run(s), 2 hit(s), 1 error(s), 2 left on base; Grand Forks 0 - Highwood 1 |
BOTTOM OF THE 3RD |
Highwood Hawks batting - Pitching for Grand Forks Caterpillars : RHP Frank Glass
|
Batting: SHB Gabriel Pittman
|
0-0: Swinging Strike 0-1: Swinging Strike 0-2: Strikes out swinging
|
Batting: RHB Robert Emmet Odlum
|
0-0: Ball 1-0: Foul Ball, location: 2F 1-1: Ball 2-1: Ground out 4-3 (Groundball, 4)
|
Batting: LHB Kendrick Sullivan
|
0-0: Ball 1-0: Ball 2-0: Foul Ball, location: 2F 2-1: Ball 3-1: Fly out, F9 (Line Drive, 89M)
|
Bottom of the 3rd over - 0 run(s), 0 hit(s), 0 error(s), 0 left on base; Grand Forks 0 - Highwood 1 |
TOP OF THE 4TH |
Grand Forks Caterpillars batting - Pitching for Highwood Hawks : LHP Pedro Tavárez
|
Batting: RHB Ab van der Kamp
|
0-0: Ball 1-0: Ball 2-0: Called Strike 2-1: Ball 3-1: Fly out, F7 (Flyball, 7LS)
|
Batting: RHB Pedro Torres
|
0-0: Called Strike 0-1: Ball 1-1: Ball 2-1: Called Strike 2-2: Ground out 6-3 (Groundball, 6)
|
Batting: LHB Santiago Reyes
|
0-0: Ball 1-0: Called Strike 1-1: Swinging Strike 1-2: Ball 2-2: Ground out 4-3 (Groundball, 4)
|
Top of the 4th over - 0 run(s), 0 hit(s), 0 error(s), 0 left on base; Grand Forks 0 - Highwood 1 |
BOTTOM OF THE 4TH |
Highwood Hawks batting - Pitching for Grand Forks Caterpillars : RHP Frank Glass
|
Now in RF: Ab van der Kamp
|
|
Batting: RHB António Acosta
|
0-0: Ball 1-0: Ball 2-0: Swinging Strike 2-1: Ball 3-1: Foul Ball, location: 2F 3-2: Base on Balls
|
Batting: LHB Scott Janousek
|
0-0: Called Strike 0-1: Ball 1-1: Ball 2-1: Foul Ball, location: 2F 2-2: Ball 3-2: Base on Balls António Acosta to second
|
Batting: RHB Júlio Becerra
|
0-0: Ball 1-0: Called Strike 1-1: Swinging Strike 1-2: Strikes out swinging
|
Batting: RHB Harry Freidricks
|
0-0: Fielders Choice at 2nd, 2-6 (Groundball, 2R) António Acosta to third
|
Batting: RHB Rojo Nasution
|
0-0: Ball Harry Freidricks is caught stealing 2nd base
|
Bottom of the 4th over - 0 run(s), 0 hit(s), 0 error(s), 0 left on base; Grand Forks 0 - Highwood 1 |
TOP OF THE 5TH |
Grand Forks Caterpillars batting - Pitching for Highwood Hawks : LHP Pedro Tavárez
|
Batting: RHB Omar Schuler
|
0-0: Called Strike 0-1: Ground out 5-3 (Groundball, 5)
|
Batting: RHB Carlos Romero
|
0-0: Called Strike 0-1: Ball 1-1: Ball 2-1: Foul Ball, location: 2F 2-2: Foul Ball, location: 2F 2-2: Strikes out looking
|
Batting: RHB Salvador Esparza
|
0-0: Ball 1-0: Ground out 6-3 (Groundball, 6)
|
Top of the 5th over - 0 run(s), 0 hit(s), 0 error(s), 0 left on base; Grand Forks 0 - Highwood 1 |
BOTTOM OF THE 5TH |
Highwood Hawks batting - Pitching for Grand Forks Caterpillars : RHP Frank Glass
|
Batting: RHB Rojo Nasution
|
0-0: Ground out 6-3 (Groundball, 6M)
|
Batting: RHB James Hill
|
0-0: Ball 1-0: Called Strike 1-1: Called Strike 1-2: Ball 2-2: Reached on error, E5 (Groundball, 56)
|
Batting: SHB Gabriel Pittman
|
0-0: Grounds into double play, 4-6-3 (Groundball, 4M)
|
Bottom of the 5th over - 0 run(s), 0 hit(s), 1 error(s), 0 left on base; Grand Forks 0 - Highwood 1 |
TOP OF THE 6TH |
Grand Forks Caterpillars batting - Pitching for Highwood Hawks : LHP Pedro Tavárez
|
Batting: RHB Jorge Velázquez
|
0-0: Foul Ball, location: 2F 0-1: Swinging Strike 0-2: Foul Ball, location: 2F 0-2: Strikes out looking
|
Batting: LHB Rubén Ruíz
|
0-0: Ball 1-0: Ball 2-0: Foul Ball, location: 2F 2-1: Foul Ball, location: 2F 2-2: Strikes out swinging
|
Batting: RHB Nathan Landrum
|
0-0: Ball 1-0: SINGLE (Groundball, 56D)
|
Batting: RHB Ab van der Kamp
|
0-0: Ball 1-0: Swinging Strike 1-1: Foul Ball, location: 2F 1-2: Ball 2-2: Strikes out swinging
|
Top of the 6th over - 0 run(s), 1 hit(s), 0 error(s), 1 left on base; Grand Forks 0 - Highwood 1 |
BOTTOM OF THE 6TH |
Highwood Hawks batting - Pitching for Grand Forks Caterpillars : RHP Frank Glass
|
Batting: RHB Robert Emmet Odlum
|
0-0: Ball 1-0: Ball 2-0: Foul Ball, location: 2F 2-1: Ball 3-1: Swinging Strike 3-2: Strikes out looking
|
Batting: LHB Kendrick Sullivan
|
0-0: Called Strike 0-1: DOUBLE (Line Drive, 4MD)
|
Pitching: LHP Oliver De Jesús
|
|
Batting: RHB António Acosta
|
0-0: Ball 1-0: Foul Ball, location: 2F 1-1: 2-RUN HOME RUN (Flyball, 7D), Distance : 389 ft
|
Batting: LHB Scott Janousek
|
0-0: Called Strike 0-1: Ball 1-1: Ball 2-1: Ball 3-1: Foul Ball, location: 2F 3-2: Foul Ball, location: 2F 3-2: Fly out, F8 (Line Drive, 8LM)
|
Batting: RHB Júlio Becerra
|
0-0: Called Strike 0-1: Swinging Strike 0-2: Foul Ball, location: 2F 0-2: Ball 1-2: Strikes out looking
|
Bottom of the 6th over - 2 run(s), 2 hit(s), 0 error(s), 0 left on base; Grand Forks 0 - Highwood 3 |
TOP OF THE 7TH |
Grand Forks Caterpillars batting - Pitching for Highwood Hawks : LHP Pedro Tavárez
|
Batting: RHB Pedro Torres
|
0-0: Called Strike 0-1: Foul Ball, location: 2F 0-2: Ball 1-2: Strikes out swinging
|
Batting: LHB Santiago Reyes
|
0-0: Ball 1-0: Foul Ball, location: 2F 1-1: Fly out, F8 (Flyball, 8LM)
|
Batting: RHB Omar Schuler
|
0-0: Reached on error, E5 (Groundball, 5)
|
Batting: RHB Carlos Romero
|
0-0: SINGLE (Groundball, 6MD) Omar Schuler to third Runner from 3rd tries for Home, SAFE, no throw or cutoff
|
Batting: RHB Salvador Esparza
|
0-0: Ball 1-0: Ball 2-0: Called Strike 2-1: Ball 3-1: Called Strike 3-2: SINGLE (Groundball, 56D) Carlos Romero to second Carlos Romero to third
|
Pinch Hitting: LHB Javier Antonio
|
0-0: Ball 1-0: Foul Ball, location: 2F 1-1: Ball 2-1: Fly out, F9 (Flyball, 89M)
|
Top of the 7th over - 1 run(s), 2 hit(s), 1 error(s), 2 left on base; Grand Forks 1 - Highwood 3 |
BOTTOM OF THE 7TH |
Highwood Hawks batting - Pitching for Grand Forks Caterpillars : LHP Oliver De Jesús
|
Pitching: RHP José Maestas
|
|
Now at SS: Neil Byrd
|
|
Batting: RHB Harry Freidricks
|
0-0: Ball 1-0: Called Strike 1-1: Foul Ball, location: 2F 1-2: Ball 2-2: Ball 3-2: Strikes out looking
|
Batting: RHB Rojo Nasution
|
0-0: Called Strike 0-1: Ball 1-1: Ball 2-1: Swinging Strike 2-2: Strikes out swinging
|
Batting: RHB James Hill
|
0-0: Fly out, F9 (Flyball, 89S)
|
Bottom of the 7th over - 0 run(s), 0 hit(s), 0 error(s), 0 left on base; Grand Forks 1 - Highwood 3 |
TOP OF THE 8TH |
Grand Forks Caterpillars batting - Pitching for Highwood Hawks : LHP Pedro Tavárez
|
Batting: LHB Rubén Ruíz
|
0-0: Foul Ball, location: 2F 0-1: Ground out 1-3 (Groundball, 15S)
|
Batting: RHB Nathan Landrum
|
0-0: Ball 1-0: Ball 2-0: Foul Ball, location: 2F 2-1: Foul Ball, location: 2F 2-2: DOUBLE (Flyball, 7LM)
|
Pitching: RHP Vicente García
|
|
Batting: RHB Ab van der Kamp
|
0-0: Foul Ball, location: 2F 0-1: Ball 1-1: Called Strike 1-2: Ground out 5-3 (Groundball, 56)
|
Batting: RHB Pedro Torres
|
0-0: Called Strike 0-1: Foul Ball, location: 2F 0-2: Foul Ball, location: 2F 0-2: Ball 1-2: Strikes out swinging
|
Top of the 8th over - 0 run(s), 1 hit(s), 0 error(s), 1 left on base; Grand Forks 1 - Highwood 3 |
BOTTOM OF THE 8TH |
Highwood Hawks batting - Pitching for Grand Forks Caterpillars : RHP José Maestas
|
Batting: SHB Gabriel Pittman
|
0-0: Ball 1-0: Foul Ball, location: 2F 1-1: Ball 2-1: Fly out, F7 (Line Drive, 7S)
|
Batting: RHB Robert Emmet Odlum
|
0-0: Fly out, F6 (Line Drive, 6)
|
Batting: LHB Kendrick Sullivan
|
0-0: Ball 1-0: SINGLE (Line Drive, 4D)
|
Batting: RHB António Acosta
|
0-0: Ball 1-0: Foul Ball, location: 2F 1-1: Called Strike 1-2: Ball 2-2: Ball 3-2: Base on Balls Kendrick Sullivan to second
|
Batting: LHB Scott Janousek
|
0-0: Ball 1-0: Ground out 4-3 (Groundball, 34)
|
Bottom of the 8th over - 0 run(s), 1 hit(s), 0 error(s), 2 left on base; Grand Forks 1 - Highwood 3 |
TOP OF THE 9TH |
Grand Forks Caterpillars batting - Pitching for Highwood Hawks : RHP Vicente García
|
Pitching: RHP Olegário Pa
|
|
Batting: LHB Santiago Reyes
|
0-0: Swinging Strike 0-1: Foul Ball, location: 2F 0-2: Ball 1-2: Ball 2-2: Fly out, F4 (Popup, 3DF)
|
Batting: RHB Omar Schuler
|
0-0: Called Strike 0-1: Swinging Strike 0-2: Foul Ball, location: 2F 0-2: Foul Ball, location: 2F 0-2: Fly out, F9 (Flyball, 9D)
|
Batting: RHB Carlos Romero
|
0-0: Foul Ball, location: 2F 0-1: Swinging Strike 0-2: Strikes out swinging
|
Top of the 9th over - 0 run(s), 0 hit(s), 0 error(s), 0 left on base; Grand Forks 1 - Highwood 3 |
|